 Dungeon Crawl Stone Soup version 0.16-a0-3105-gd90c058 (webtiles) character file.

44499 PolkaDot the Summoner (level 13, -1/93 HPs)
             Began as a Vampire Summoner on Dec 12, 2014.
             Was the Champion of Sif Muna.
             Incinerated by Azrael (7 damage)
             ... on level 10 of the Dungeon.
             The game lasted 02:34:05 (22545 turns).

PolkaDot the Summoner (Vampire Summoner)           Turns: 22545, Time: 02:34:05

Health: -1/93      AC: 18    Str:  8    XL:     13   Next: 96%
Magic:  10/29      EV: 26    Int: 28    God:    Sif Muna [******]
Gold:   360        SH:  0    Dex: 24    Spells: 9 memorised, 1 level left

rFire  . . .     SeeInvis +     Z - +8 glaive of the Guard {elec, +Rage AC+5 SInv}
rCold  + + .     Clarity  .     E - +0 troll leather armour
rNeg   + + +     SustAb   .     (no shield)
rPois  +         Gourm    .     c - +0 helmet
rElec  .         Spirit   .     T - +3 cloak of Flash {+Fly EV+4}
rCorr  .         Warding  .     G - +1 pair of gloves {Dex+3}
rMut   .         Stasis   .     z - +1 pair of boots of Sif Muna's Anger {Int+3 Dex+3}
MR     +....                    a - amulet of faith
Stlth  ++........               u - +6 ring of evasion
                                K - ring of Khinaph {Str+1 Int+4 Dex+4}

@: liquid flames, flying, regenerating slowly, glowing, somewhat resistant to
hostile enchantments, unstealthy
A: bottle blood, fangs 3, see invisible, unbreathing
a: Bat Form, Channel Energy, Forget Spell, Renounce Religion, Evoke Berserk
Rage, Stop Flying


You were on level 10 of the Dungeon.
You worshipped Sif Muna.
Sif Muna was exalted by your worship.
You were near bloodless.

You visited 3 branches of the dungeon, and saw 19 of its levels.
You also visited: Labyrinth.

You collected 1253 gold pieces.
You spent 893 gold pieces at shops.

Inventory:

Hand weapons
 Z - the +8 glaive of the Guard (weapon) {elec, +Rage AC+5 SInv}
   (You took it off a minotaur in a labyrinth)

   Occasionally, upon striking a foe, it will discharge some electrical energy
   and cause terrible harm.
   It affects your AC (+5).
   It enhances your eyesight.
   It lets you go berserk.
Missiles
 x - 7 throwing nets (quivered)
Armour
 c - a +0 helmet (worn)
 z - the +1 pair of boots of Sif Muna's Anger (worn) {Int+3 Dex+3}
   (You bought it in a shop on level 4 of the Dungeon)

   It affects your intelligence (+3).
   It affects your dexterity (+3).
 E - a +0 troll leather armour (worn)
 G - a +1 pair of gloves of dexterity (worn)
 T - the +3 cloak of Flash (worn) {+Fly EV+4}
   (You bought it in a shop on level 4 of the Dungeon)

   It affects your evasion (+4).
   It lets you fly.
Jewellery
 a - an amulet of faith (around neck)
 g - an uncursed amulet of stasis
 u - a +6 ring of evasion (right hand)
 K - the ring of Khinaph (left hand) {Str+1 Int+4 Dex+4}
   (You found it in a labyrinth)

   [ring of strength]

   It affects your strength (+1).
   It affects your intelligence (+4).
   It affects your dexterity (+4).
Magical devices
 e - a wand of disintegration (6)
 l - a wand of disintegration (11)
 r - a wand of heal wounds (3)
 t - a wand of disintegration (15)
 w - a wand of confusion (29)
 y - a wand of paralysis (10)
 B - a wand of disintegration (12)
 F - a wand of fireball (6)
 P - a wand of digging (11)
 Q - a wand of fire (9)
 S - a wand of heal wounds (6)
 U - a wand of teleportation (5)
 V - a wand of disintegration (14)
Scrolls
 d - a scroll of amnesia
 f - 5 scrolls of magic mapping
 h - 4 scrolls of remove curse
 i - 4 scrolls of enchant weapon
 n - 3 scrolls of immolation
 p - 2 scrolls of identify
 q - 3 scrolls of teleportation
 v - a scroll of fog
 D - 2 scrolls of blinking
 M - 3 scrolls of fear
 N - a scroll of brand weapon
Potions
 m - a potion of ambrosia
 o - 2 potions of cancellation
 A - a potion of invisibility {unknown}
 C - a potion of cure mutation {!q}
 H - 30 potions of blood {@*1}
 I - 6 potions of curing
 J - 2 potions of haste {unknown}
 O - 8 potions of heal wounds
 R - 3 potions of brilliance
 W - a potion of agility
Books
 b - a book of Callings

   Spells                             Type                      Level
   a - Summon Small Mammal            Summoning                    1
   b - Call Imp                       Summoning                    2
   c - Call Canine Familiar           Summoning                    3
   d - Summon Guardian Golem          Hexes/Summoning              4
   e - Summon Lightning Spire         Summoning/Air                4
   f - Summon Ice Beast               Ice/Summoning                4
 j - a book of Frost

   Spells                             Type                      Level
   a - Freeze                         Ice                          1
   b - Throw Frost                    Conjuration/Ice              2
   c - Ozocubu's Armour               Charms/Ice                   3
   d - Throw Icicle                   Conjuration/Ice              4
   e - Summon Ice Beast               Ice/Summoning                4
   f - Condensation Shield            Ice                          4
 s - a book of the Sky

   Spells                             Type                      Level
   a - Flight                         Charms/Air                   3
   b - Airstrike                      Air                          4
   c - Silence                        Hexes/Air                    5
   d - Deflect Missiles               Charms/Air                   6
   e - Conjure Ball Lightning         Conjuration/Air              6
   f - Tornado                        Air                          9
 L - Meorchege's Papyrus of Slavery {god gift}
   (Sif Muna gifted it to you on level 6 of the Lair of Beasts)

   Spells                             Type                      Level
   a - Summon Butterflies             Summoning                    1
   b - Summon Small Mammal            Summoning                    1
   c - Shadow Creatures               Summoning                    5
   d - Aura of Abjuration             Summoning                    6
   e - Spellforged Servitor           Conjuration/Summoning        7
Miscellaneous
 k - a phial of floods


   Skills:
 - Level 5.8 Fighting
 - Level 5.2 Dodging
 - Level 4.2 Stealth
 - Level 8.1 Spellcasting
 * Level 7.9 Conjurations
 - Level 6.0 Hexes
 - Level 11.0 Summonings
 + Level 9.3 Ice Magic
 - Level 10.9 Air Magic
 - Level 5.7 Invocations


You had one spell level left.
You knew the following spells:

 Your Spells              Type           Power        Failure   Level  Hunger
a - Airstrike             Air            ######....   1%          4    ##.....
b - Summon Butterflies    Summ           ######..     1%          1    None
d - Call Canine Familiar  Summ           ######..     1%          3    None
f - Freezing Cloud        Conj/Ice/Air   ######....   21%         6    ######.
g - Summon Guardian Gole  Hex/Summ       ######..     1%          4    ##.....
i - Summon Ice Beast      Ice/Summ       ######..     1%          4    ##.....
q - Blink                 Tloc           N/A          10%         2    None
s - Call Imp              Summ           ######..     1%          2    None
A - Apportation           Tloc           ##........   6%          1    None


Dungeon Overview and Level Annotations

Branches:
Dungeon (10/15)            Temple (1/1) D:4            Lair (8/8) D:8
  Swamp (0/5) Lair:4        Snake (0/5) Lair:4        Slime (0/6) Lair:8
    Orc: D:9-12

Altars:
Ashenzari
Cheibriados
Dithmenos
Elyvilon
Fedhas
Gozag
Kikubaaqudgha
Makhleb
Nemelex Xobeh
Okawaru
Qazlal
Ru
Sif Muna
Trog
Vehumet
Xom
Yredelemnul
Zin
The Shining One
Jiyva

Shops:
D:4 !}[   D:7 **   D:10 (

Annotations:
D:10 Azrael


Innate Abilities, Weirdness & Mutations

You heal slowly.
You can bottle blood from corpses.
You have razor-sharp teeth.
You have supernaturally acute eyesight.
You can survive without breathing.


Message History

The fire elemental barely misses you.
Azrael is engulfed in freezing vapours.
Azrael gestures at you. The bolt of fire hits you!
* * * LOW HITPOINT WARNING * * *
You hear a sizzling sound!
The fire elemental is engulfed in freezing vapours.
The fire elemental hits you. The fire elemental burns you!
* * * LOW HITPOINT WARNING * * *
You reach down and open the door.
You are covered in liquid flames!
* * * LOW HITPOINT WARNING * * *
Azrael is engulfed in freezing vapours.
Azrael barely misses you.
The fire elemental is engulfed in freezing vapours.
The fire elemental misses you.
The fire elemental is engulfed in freezing vapours.
You destroy the fire elemental!
There are monsters nearby!
You reach down and close the door.
You are covered in liquid flames!
You die...

#.##...............##......
#.##.......................
#.....#########............
#.##.##≈≈≈≈≈≈§##...........
#....#≈≈§≈≈≈≈§≈#...........
#.##.#§§§#§#≈≈≈#...........
#.##.#§ ##§##≈≈#...........
#.##.+ #ER§#≈≈'...........
#.##.# ##@##≈§#...........
#.##.# #+#≈§§#...........
#....# ≈≈≈≈≈≈#...........
#.#..## ≈≈§§§§##......##...
#.#...#########.......#....
#..........................
#..#.......................
#..#.......................
#.##.......................


You could see Azrael and a fire elemental.

Vanquished Creatures
  A hydra (Lair:8)
  2 unseen horrors (Lab)
  2 hill giants
  The ghost of Chiseanne the Skirmisher, an experienced DsWn of Dithmenos (D:6)
  3 griffons
  A centaur zombie (D:10)
  Maurice (D:10)
  A torpor snail (Lair:6)
  4 black mambas
  4 spiny frogs
  A spriggan druid (Lair:8)
  4 fire drakes
  3 komodo dragons
  10 polar bears
  11 blink frogs
  3 basilisks
  A redback (Lair:8)
  25 yaks
  9 spriggans
  A trapdoor spider (Lab)
  5 fire elementals (D:10)
  8 hippogriffs
  A deep elf mage (D:9)
  A hungry ghost (D:10)
  25 wolves
  8 porcupines
  A phantom (D:7)
  An eye of draining (D:8)
  4 sky beasts
  2 black bears (Lair:8)
  12 water moccasins
  5 yellow wasps
  A boring beetle (Lair:8)
  2 ice beasts
  An ogre (D:7)
  5 centaurs
  3 crocodiles
  17 giant frogs
  3 gnoll sergeants
  3 scorpions
  A killer bee (D:8)
  8 wights
  5 electric eels (Lair:4)
  A crimson imp (D:5)
  A jelly (D:8)
  A giant frog skeleton (D:5)
  A gnoll shaman (D:10)
  10 hounds
  An orc priest (D:6)
  A worker ant (D:9)
  3 orc wizards
  7 iguanas
  A sheep (Lair:7)
  3 hound zombies
  15 adders
  10 gnolls (D:10)
  70 river rats
  3 shadow imps
  2 worms
  4 giant geckos
  2 oozes
  27 orcs
  A bat zombie (D:5)
  14 hobgoblins
  6 jackals
  19 kobolds
  9 quokkas
  6 ball pythons
  12 bats
  5 giant cockroaches
  A giant gecko skeleton (D:6)
  A giant gecko zombie (D:7)
  10 giant newts
  10 goblins
  A quokka skeleton (D:4)
  19 rats
  2 ballistomycetes (D:6)
489 creatures vanquished.

Vanquished Creatures (collateral kills)
  Maud (Lair:5)
  A minotaur (Lab)
  Fannar (Lair:1)
  Harold (Lair:2)
  3 hydras
  4 death yaks (Lair:4)
  Nergalle (Lair:1)
  Joseph (D:7)
  6 spiny frogs
  5 black mambas
  A gargoyle (D:8)
  A komodo dragon (Lair:7)
  A troll (D:9)
  6 blink frogs
  31 yaks
  A hungry ghost (D:7)
  2 wolves
  A water moccasin (Lair:4)
  2 orc warriors
  A black bear (Lair:2)
  3 ice beasts (Lair:1)
  4 phantoms
  A necrophage (D:8)
  3 ogres
  A centaur (D:6)
  2 boring beetles
  2 crocodiles (Lair:2)
  A big kobold (D:8)
  2 giant frogs
  A gnoll sergeant (D:10)
  4 scorpions
  A killer bee (D:8)
  A jelly (D:7)
  3 wights (D:10)
  A crimson imp (D:9)
  2 hounds
  A giant frog zombie (D:5)
  An iguana (D:5)
  4 orc wizards
  A worker ant (D:4)
  3 spectral orcs (Lair:1)
  13 river rats
  5 adders
  3 gnolls (D:10)
  2 worms (D:4)
  12 orcs
  4 bats
  2 goblins (D:3)
  A hobgoblin (D:1)
  4 jackals
  A quokka (D:7)
  6 kobolds
  A rat (D:9)
  3 ballistomycetes (D:6)
  A fungus (Lair:2)
171 creatures vanquished.

Vanquished Creatures (others)
  3 guardian golems
  14 wolves
  25 ice beasts
  5 crimson imps
  An iron imp (D:7)
  14 hounds
  2 shadow imps (D:7)
  8 white imps
  A giant spore (D:6)
  3 fungi
  2 plants
78 creatures vanquished.

Grand Total: 738 creatures vanquished

Notes
Turn   | Place    | Note
--------------------------------------------------------------
     0 | D:1      | PolkaDot, the Vampire Summoner, began the quest for the Orb.
     0 | D:1      | Reached XP level 1. HP: 13/13 MP: 3/3
   373 | D:1      | Reached skill level 1 in Fighting
   506 | D:1      | Reached XP level 2. HP: 19/21 MP: 4/4
   630 | D:1      | Learned a level 2 spell: Call Imp
  1404 | D:2      | Found a shadowy altar of Dithmenos.
  1419 | D:2      | Reached XP level 3. HP: 28/28 MP: 6/6
  1424 | D:2      | Learned a level 3 spell: Call Canine Familiar
  2035 | D:3      | Found a sparkling altar of Nemelex Xobeh.
  2362 | D:4      | Found Haacram's Armour Shop.
  2379 | D:4      | Reached XP level 4. HP: 13/36 MP: 0/7
  2402 | D:4      | Noticed a phantom
  2406 | D:4      | Found a shattered altar of Ashenzari.
  2459 | D:4      | Killed a phantom
  2459 | D:4      | Reached XP level 5. HP: 39/43 MP: 1/9
  2491 | D:4      | Found Tepoqa's Gadget Shop.
  2547 | D:4      | Noticed a scorpion
  2555 | D:4      | Killed a scorpion
  2571 | D:4      | Noticed a phantom
  2585 | D:4      | Killed a phantom
  2585 | D:4      | Reached skill level 5 in Fighting
  2586 | D:4      | Reached XP level 6. HP: 5/51 MP: 10/10
  2749 | D:4      | Got a steaming robe
  2760 | D:4      | Identified the +1 robe of Death's Door {rElec rN+ MR+ SInv} (You found it on level 4 of the Dungeon)
  2779 | D:4      | HP: 2/52 [orc wizard/magic dart (6)]
  3162 | D:4      | Found a staircase to the Ecumenical Temple.
  3172 | Temple   | Entered the Ecumenical Temple
  3286 | Temple   | Became a worshipper of Sif Muna the Loreminder
  3465 | D:4      | Found Clepargh's Distillery.
  3657 | D:5      | Entered Level 5 of the Dungeon
  3854 | D:5      | Reached skill level 5 in Summonings
  3854 | D:5      | Reached XP level 7. HP: 29/57 MP: 4/12
  4056 | D:5      | Found an iron altar of Okawaru.
  4306 | D:5      | Acquired Sif Muna's first power
  4399 | D:5      | Reached skill level 6 in Summonings
  4722 | D:5      | Found a shimmering altar of Xom.
  4722 | D:5      | Found a shimmering altar of Xom.
  4731 | D:5      | Found a shimmering altar of Xom.
  4884 | D:5      | Learned a level 4 spell: Airstrike
  4923 | D:6      | Noticed Chiseanne's ghost (experienced DsWn)
  4951 | D:5      | Reached skill level 1 in Air Magic
  5365 | D:6      | Killed Chiseanne's ghost
  5365 | D:6      | Acquired Sif Muna's second power
  5365 | D:6      | Reached XP level 8. HP: 51/64 MP: 3/13
  5374 | D:6      | Reached skill level 5 in Dodging
  5759 | D:6      | Reached skill level 7 in Summonings
  5833 | D:6      | Reached skill level 5 in Air Magic
  6435 | D:7      | Found Zin's Purification Station.
  6443 | D:7      | Found a glowing silver altar of Zin.
  6503 | D:7      | Reached XP level 9. HP: 69/69 MP: 13/16
  6684 | D:7      | Found a radiant altar of Vehumet.
  7011 | D:7      | Acquired Sif Muna's third power
  7047 | D:7      | Reached skill level 8 in Summonings
  7082 | D:7      | Noticed Joseph
  7189 | D:7      | Killed Joseph
  7337 | D:4      | Bought the +1 pair of boots of Sif Muna's Anger {Int+3 Dex+3} for 349 gold pieces
  7485 | D:7      | Found Wouf Ulu's Assorted Antiques.
  7663 | D:7      | Learned a level 4 spell: Summon Ice Beast
  7762 | D:8      | Reached skill level 1 in Ice Magic
  7778 | D:8      | Found a sacrificial altar of Ru.
  7892 | D:8      | Reached skill level 1 in Invocations
  8264 | D:8      | Found a staircase to the Lair.
  8267 | D:8      | Noticed a hill giant
  8280 | D:8      | Killed a hill giant
  8280 | D:8      | Reached XP level 10. HP: 76/76 MP: 3/20
  8291 | D:8      | Noticed a komodo dragon
  8299 | D:8      | Killed a komodo dragon
  8539 | D:8      | Noticed a gargoyle
  9065 | D:8      | Killed a gargoyle
  9526 | D:9      | Found an ancient bone altar of Kikubaaqudgha.
  9535 | D:9      | Found a burning altar of Makhleb.
  9535 | D:9      | Found a bloodstained altar of Trog.
  9609 | D:9      | Found an ancient bone altar of Kikubaaqudgha.
  9834 | Lair:1   | Entered Level 1 of the Lair of Beasts
  9937 | Lair:1   | Reached skill level 5 in Invocations
 10183 | Lair:1   | Received a gift from Sif Muna
 10191 | Lair:1   | Learned a level 2 spell: Blink
 10244 | Lair:1   | Noticed Nergalle
 10278 | Lair:1   | Killed Nergalle
 10278 | Lair:1   | Reached skill level 5 in Ice Magic
 10536 | Lair:1   | Noticed Fannar
 10595 | Lair:1   | Killed Fannar
 11239 | Lair:2   | Reached XP level 11. HP: 67/81 MP: 2/21
 11560 | Lair:2   | Noticed a four-headed hydra
 11574 | Lair:2   | Killed a four-headed hydra
 11574 | Lair:2   | Reached skill level 9 in Summonings
 11579 | Lair:2   | Noticed a black mamba
 11588 | Lair:2   | Killed a black mamba
 11598 | Lair:2   | Received a gift from Sif Muna
 11654 | Lair:2   | Identified Sif Muna's Easy Magic {god gift} (Sif Muna gifted it to you on level 2 of the Lair of Beasts)
 12124 | Lair:2   | Learned a level 4 spell: Summon Guardian Golem
 12159 | Lair:2   | Noticed Harold
 12179 | Lair:2   | Killed Harold
 12259 | Lair:2   | Noticed a black mamba
 12268 | Lair:2   | Killed a black mamba
 12436 | Lair:2   | Reached skill level 10 in Summonings
 12856 | Lair:3   | Reached skill level 5 in Hexes
 13029 | Lair:3   | Received a gift from Sif Muna
 13030 | Lair:3   | Identified Sif Muna's Volume of Flight {god gift} (Sif Muna gifted it to you on level 3 of the Lair of Beasts)
 13146 | Lair:3   | Reached skill level 5 in Spellcasting
 13204 | Lair:3   | Noticed a seven-headed hydra
 13212 | Lair:3   | Killed a seven-headed hydra
 13976 | Lair:4   | Reached XP level 12. HP: 78/87 MP: 2/25
 13978 | Lair:4   | Reached skill level 10 in Air Magic
 14039 | Lair:4   | Found a staircase to the Swamp.
 14220 | Lair:4   | Found a staircase to the Snake Pit.
 14771 | Lair:4   | Noticed a death yak
 14792 | Lair:4   | Killed a death yak
 14875 | Lair:4   | Received a gift from Sif Muna
 14957 | Lair:4   | Noticed a death yak
 14957 | Lair:4   | Noticed a death yak
 14957 | Lair:4   | Noticed a death yak
 14973 | Lair:4   | Killed a death yak
 14979 | Lair:4   | Killed a death yak
 14979 | Lair:4   | Reached skill level 11 in Summonings
 14982 | Lair:4   | Killed a death yak
 15015 | Lair:4   | Learned a level 6 spell: Freezing Cloud
 15063 | Lair:4   | Reached skill level 1 in Conjurations
 15112 | Lair:4   | Noticed a spriggan rider
 15116 | Lair:4   | Killed a spriggan
 15117 | Lair:4   | Killed a yellow wasp
 15333 | Lair:5   | Noticed Maud
 15364 | Lair:5   | Killed Maud
 16385 | Lair:6   | Noticed a five-headed hydra
 16393 | Lair:6   | Killed a five-headed hydra
 16756 | Lair:6   | Received a gift from Sif Muna
 16775 | Lair:6   | Identified Meorchege's Papyrus of Slavery {god gift} (Sif Muna gifted it to you on level 6 of the Lair of Beasts)
 16875 | Lair:6   | Reached skill level 5 in Conjurations
 17821 | Lair:7   | Reached XP level 13. HP: 55/93 MP: 0/28
 18023 | Lair:7   | Learned a level 1 spell: Summon Butterflies
 19203 | D:4      | Bought the +3 cloak of Flash {+Fly EV+4} for 544 gold pieces
 19612 | Lair:8   | Entered Level 8 of the Lair of Beasts
 19667 | Lair:8   | Found a labyrinth entrance.
 19684 | Lab      | Entered a labyrinth
 19936 | Lab      | Received a gift from Sif Muna
 19937 | Lab      | Identified Sif Muna's Disquisition on Snow {god gift} (Sif Muna gifted it to you in a labyrinth)
 20039 | Lab      | Got a serpentine tin ring
 20041 | Lab      | Identified the ring of Khinaph {Str+1 Int+4 Dex+4} (You found it in a labyrinth)
 20201 | Lair:8   | Learned a level 1 spell: Apportation
 20398 | Lair:8   | Identified 2 scrolls of acquirement
 20434 | Lair:8   | Found a staircase to the Slime Pits.
 20435 | Lair:8   | Found a viscous altar of Jiyva.
 20701 | Lair:8   | Got a ring of the Octopus King
 21265 | Lair:8   | Received a gift from Sif Muna
 21267 | Lair:8   | Identified Sif Muna's Almanac of the Harmful Frostbite {god gift} (Sif Muna gifted it to you on level 8 of the Lair of Beasts)
 21270 | Lair:8   | Identified a ring of the Octopus King {AC+1 EV+1 Str+1 Int+1 Dex+1 Stlth+} (You found it on level 8 of the Lair of Beasts)
 21737 | D:10     | Entered Level 10 of the Dungeon
 21753 | D:10     | Noticed Maurice
 21760 | D:10     | Killed Maurice
 22465 | D:10     | Found Aneank's Weapon Shoppe.
 22536 | D:10     | Noticed Azrael
 22545 | D:10     | Incinerated by Azrael

Action                   |  1- 3 |  4- 6 |  7- 9 | 10-12 | 13-15 || total
-------------------------+-------+-------+-------+-------+-------++-------
Melee: Spear             |   165 |       |       |       |       ||   165
       Short sword       |     1 |       |       |       |       ||     1
       Trident           |    25 |   176 |   486 |    64 |       ||   751
       Glaive            |       |       |       |       |    98 ||    98
 Cast: Summon Small Mamm |     5 |     2 |       |       |       ||     7
       Call Canine Famil |     3 |     6 |    28 |    34 |     7 ||    78
       Call Imp          |     1 |     9 |    31 |     9 |       ||    50
       Airstrike         |       |       |    61 |   488 |   187 ||   736
       Summon Ice Beast  |       |       |     5 |   109 |    36 ||   150
       Summon Guardian G |       |       |       |     5 |       ||     5
       Freezing Cloud    |       |       |       |       |    20 ||    20
       Blink             |       |       |       |       |     1 ||     1
Invok: Channel Energy    |       |       |   150 |  1004 |   409 ||  1563
 Abil: Evoke Flight      |       |       |       |       |     1 ||     1
  Use: Potion            |     6 |    17 |    56 |     8 |     4 ||    91
       Scroll            |     6 |     2 |    10 |    11 |     6 ||    35
 Stab: Sleeping          |     8 |     6 |    14 |       |     3 ||    31
       Distracted        |       |     3 |     6 |     1 |     1 ||    11
  Eat: Corpse            |    14 |       |     6 |   101 |    36 ||   157
